 Dungeon Crawl Stone Soup version 0.30-a0-371-gad7725a93e (webtiles) character file.

Game seed: 7985064139666330115

39 arthad the Digger (level 3, -4/19 HPs)
             Began as a Gargoyle Earth Elementalist on Nov 20, 2022.
             Slain by Sigmund
             ... wielding a +0 scythe
              (7 damage)
             ... on level 2 of the Dungeon.
             The game lasted 00:04:39 (1348 turns).

arthad the Digger (Gargoyle Earth Elementalist)     Turns: 1348, Time: 00:04:40

Health: -4/19      AC:  6    Str: 11    XL:     3   Next: 47%
Magic:  2/6        EV: 12    Int: 17    God:
Gold:   133        SH:  0    Dex: 10    Spells: 2/6 levels left

rFire   . . .      SeeInvis .    (no weapon)
rCold   + . .      Faith    .    (no shield)
rNeg    + . .      Spirit   .    i - +1 robe {rC+}
rPois   ∞          Reflect  .    (no helmet)
rElec   +          Harm     .    (no cloak)
rCorr   .          Rampage  .    (no gloves)
Will    .....                    (no boots)
Stlth   +.........               (no amulet)
HPRegen 0.23/turn                (no ring)
MPRegen 0.10/turn                (no ring)

@: confused, flying, very slightly contaminated, hasted, very quick
A: sickness immunity, AC +3, negative energy resistance 1, electricity
resistance, torment resistance 1, petrification resistance
a: no special abilities


You were on level 2 of the Dungeon.
You visited 1 branch of the dungeon, and saw 2 of its levels.

You collected 133 gold pieces.

Inventory:

Armour
 a - a +0 robe
 i - a +1 robe of cold resistance (worn)
Scrolls
 c - 2 scrolls of torment {unknown}
 f - a scroll of teleportation {unknown}
 g - a scroll of magic mapping {unknown}
 j - a scroll of identify {unknown}
Potions
 d - 2 potions of flight


   Skills:
 + Level 1.9 Dodging
 + Level 2.8 Stealth
 + Level 2.3 Spellcasting
 + Level 0.0 Conjurations
 + Level 1.2 Transmutations
 + Level 4.0 Earth Magic


You had 2 spell levels left.
You knew the following spells:

 Your Spells              Type           Power      Damage    Failure   Level
a - Sandblast             Erth           30%        2d9       3%          1
b - Stone Arrow           Conj/Erth      16%        3d8       24%         3

Your spell library contained the following spells:

 Spells                   Type           Power      Damage    Failure   Level
 Passwall                 Tmut/Erth      9%         N/A       10%         2
 Static Discharge         Conj/Air       4%         2-3/arc   28%         2
 Vhi's Electric Charge    Tloc/Air       2%         N/A       50%         3
 Petrify                  Tmut/Erth      11%        N/A       52%         4
 Arcjolt                  Conj/Air       1%         1d11      99%         5
 Lightning Bolt           Conj/Air       1%         1d12      99%         5
 Chain Lightning          Conj/Air       1%         3d1       100%        9
 Fire Storm               Conj/Fire      1%         7d1       100%        9
 Shatter                  Erth           7%         3d10*     100%        9


Dungeon Overview and Level Annotations

Branches:
Dungeon (2/15)

Altars:
Fedhas

Annotations:
D:2 Sigmund


Innate Abilities, Weirdness & Mutations

You are immune to sickness and miasma.
Your stone body is resilient. (AC +3)
You are immune to poison.
You resist negative energy. (rN+)
You are resistant to electric shocks. (rElec)
You are resistant to unholy torment.
You are immune to petrification.


Message History

Aiming: Sandblast (safe; 3% risk of failure)
Press: ? - help, Q - select action Shift-Dir - straight line The blast of sand hits the ball python!
You kill the ball python!
Something hits you but does no damage.
Unknown command.
Aiming: Sandblast (safe; 3% risk of failure)
Press: ? - help, Q - select action Shift-Dir - straight line, f - you That would be overly suicidal.
Okay, then.
Aiming: Sandblast (safe; 3% risk of failure)
Press: ? - help, Q - select action Shift-Dir - straight line You hear some strange, mumbled words.
A puff of flame appears from out of thin air!
The puff of flame misses you.
Unknown command.
Unknown command.
Aiming: Sandblast (safe; 3% risk of failure)
Press: ? - help, Q - select action Shift-Dir - straight line, f - you That would be overly suicidal.
Okay, then.
Aiming: Sandblast (safe; 3% risk of failure)
Press: ? - help, Q - select action Shift-Dir - straight line The blast of sand hits something.
A magic dart appears from out of thin air!
The magic dart hits you.
* * * LOW HITPOINT WARNING * * *
Something barely misses you.
Aiming: Sandblast (safe; 3% risk of failure)
Press: ? - help, Q - select action Shift-Dir - straight line You hear some strange, mumbled words.
You are confused.
It was a potion of flight.
You feel very buoyant.
You fly up into the air.
You hear some strange, mumbled words.
A puff of flame appears from out of thin air!
The puff of flame misses you.
It was a potion of haste.
You feel yourself speed up. Something hits you!
You die...

..... #.. ###.#...
.....# ##......##.##...
##.# ##...###.#...#.#
$...# #..#.# .†.. .(.
.#..#
##....###.#..r#.###...[#
#..##....†##.##.{...#..#
#..###.#........†#....#
##.###.....#.#..@...#
#..##...#.# #.#..#.#
###.##.#...###......#
..................###
###..#####..#.....#
##...# ##.......# ###..#
#.......# #.# #.......#
..####.#####


There were no monsters in sight!

Vanquished Creatures
  5 ball pythons
  5 endoplasms
  3 giant cockroaches (D:1)
  2 goblins
  6 hobgoblins
  A quokka (D:1)
  8 bats
  2 kobolds (D:1)
  A rat (D:2)
33 creatures vanquished.

Notes
Turn   | Place    | Note
-------+----------+-------------------------------------------
     0 | D:1      | arthad the Gargoyle Earth Elementalist began the quest for
                  | the Orb.
     0 | D:1      | Reached XP level 1. HP: 10/10 MP: 3/3
   228 | D:1      | Reached skill level 1 in Transmutations
   228 | D:1      | Reached XP level 2. HP: 15/15 MP: 3/5
   890 | D:2      | Reached XP level 3. HP: 19/19 MP: 4/6
   958 | D:2      | Reached skill level 4 in Earth Magic
  1143 | D:2      | Found a blossoming altar of Fedhas.
  1177 | D:2      | Learned a level 3 spell: Stone Arrow
  1303 | D:2      | Noticed Sigmund
  1348 | D:2      | Slain by Sigmund

Illustrated notes

Levels and vault maps discovered:
D:1:      minmay_arrival_three_doors, layout_basic
D:2:      layout_rooms, basic_altar, minmay_fractal_squares_5, uniq_sigmund

Skill      XL: |  1  2  3 |
---------------+----------+-----
Transmutations | 1 |  1.2
Earth Magic    | 4 |  4.0
Dodging        | |  1.9
Stealth        | |  2.8
Spellcasting   | |  2.3

Action                   || total
-------------------------++-------
Melee: Unarmed           ||     2
Throw: Throwing net      ||     1
 Cast: Sandblast         ||    51
  Use: Potion            ||     3
Armor: Robe              ||     5
Dodge: Dodged            ||    20

Table legend: (Time is in decaauts)
 A = Elapsed time spent in this place.
 B = Non-inter-level travel time spent in this place.
 C = Inter-level travel time spent in this place.
 D = Time resting spent in this place.
 E = Time spent auto-exploring this place.
 F = Levels seen in this place.
 G = Mean time per level.
                   A        B        C        D        E       F      G
               +--------+--------+--------+--------+--------+-----+--------+
         Total |   1373 |   1357 |     16 |     41 |   1111 |   2 |  686.5 |
       Dungeon |   1373 |   1357 |     16 |     41 |   1111 |   2 |  686.5 |
               +--------+--------+--------+--------+--------+-----+--------+

Top non-repeatable levels by time:
     D:1: 827 daAuts
     D:2: 545 daAuts
